 Dungeon Crawl Stone Soup version 0.29.1 (webtiles) character file.

Game seed: 7250435642062198880

70 SensoryNuts the Trooper (level 4, 0/35 HPs)
             Began as a Demonspawn Fighter on Sept 14, 2022.
             Slain by a gnoll
             ... wielding a +0 flail
              (10 damage)
             ... on level 3 of the Dungeon.
             The game lasted 00:01:10 (1261 turns).

SensoryNuts the Trooper (Demonspawn Fighter)        Turns: 1261, Time: 00:01:10

Health: 0/35       AC:  8    Str: 18    XL:     4   Next: 3%
Magic:  4/4        EV:  9    Int: 10    God:
Gold:   49         SH:  4    Dex: 12    Spells: 3/3 levels left

rFire   . . .      SeeInvis .   a - +0 war axe
rCold   . . .      Faith    .   c - +0 buckler
rNeg    . . .      Spirit   .   b - +0 scale mail
rPois   .          Reflect  .   (helmet restricted)
rElec   .          Harm     .   (no cloak)
rCorr   .          Rampage  .   (no gloves)
Will    .....                   (no boots)
Stlth   ..........              (no amulet)
HPRegen 0.11/turn               (no ring)
MPRegen 0.09/turn               (no ring)

@: flying
A: antennae 1, thin metallic scales 1
a: no special abilities


You were on level 3 of the Dungeon.
You visited 1 branch of the dungeon, and saw 3 of its levels.

You collected 49 gold pieces.

Inventory:

Hand Weapons
 a - a +0 war axe (weapon)
Armour
 b - a +0 scale mail (worn)
 c - a +0 buckler (worn)
Jewellery
 h - a +4 ring of evasion
Potions
 d - a potion of might
 e - a potion of flight
 f - a potion of brilliance {unknown}
 i - 2 potions of curing
 j - a potion of degeneration {unknown}


   Skills:
 + Level 3.4 Fighting
 * Level 3.0 Axes
 + Level 3.1 Armour
 + Level 0.1 Dodging
 + Level 2.8 Shields


You had 3 spell levels left.
You didn't know any spells.
Your spell library was empty.

Dungeon Overview and Level Annotations

Branches:
Dungeon (3/15)

Altars:


Innate Abilities, Weirdness & Mutations

You have a pair of small antennae on your head.
You are partially covered in thin metallic scales. (AC +2)


Message History

You are too injured to fight recklessly!
Unknown command.
The adder attacks as you move away! The adder bites you but does no damage.
The gnoll attacks as you move away! The gnoll hits you with a +0 flail.
The gnoll attacks as you move away! The gnoll hits you but does no damage.
The adder bites you but does no damage. The adder attacks as you move away!
The adder bites you but does no damage. The adder barely misses you.
The adder attacks as you move away! The adder barely misses you.
You miss the adder. The adder closely misses you. You block the adder's attack.
You hit the adder.
The adder is heavily wounded.
The adder bites you but does no damage.
You slash the adder!
You kill the adder!
Your Axes skill increases to level 3!
You have reached level 4!
You feel clever.
You barely miss the hobgoblin.
The hobgoblin hits you but does no damage.
You closely miss the hobgoblin. The hobgoblin closely misses you.
The hobgoblin hits you but does no damage.
You slash the hobgoblin!
You kill the hobgoblin!
You closely miss the gnoll.
The gnoll is moderately wounded.
The gnoll barely misses you.
You barely miss the gnoll.
The gnoll is moderately wounded.
The gnoll hits you but does no damage. The gnoll hits you with a +0 flail!
You hit the gnoll but do no damage.
The gnoll is moderately wounded.
The gnoll hits you with a +0 flail!
* * * LOW HITPOINT WARNING * * *
Unknown command.
It was a potion of curing.
You feel better. The gnoll closely misses you.
It was a potion of flight.
You feel very buoyant.
You fly up into the air.
The gnoll hits you with a +0 flail!
You die...

#............#
#####.#.##.###
#.#.##.# ##.#.##.#
##....##.#
##.###.##.##
####.## ##....#
####....# #....#
.#.#.#.#.## ##@...#
..........###g#####
#.#.#.#.#..Jg#
........#.#.#
#.#.#.#.#....#
..........#.###
.#.#.#.#.##.#
..........#.#
.#.#.#.#.##.#


You could see a gnoll, an endoplasm and a goblin.

Vanquished Creatures
  3 adders
  2 ball pythons (D:1)
  3 endoplasms
  5 giant cockroaches (D:1)
  2 goblins
  5 hobgoblins
  4 jackals (D:1)
  2 kobolds (D:1)
  2 quokkas (D:1)
  2 bats (D:2)
  5 frilled lizards
  4 rats
39 creatures vanquished.

Notes
Turn   | Place    | Note
-------+----------+-------------------------------------------
     0 | D:1      | SensoryNuts the Demonspawn Fighter began the quest for the
                  | Orb.
     0 | D:1      | Reached XP level 1. HP: 18/18 MP: 1/1
   126 | D:1      | Gained mutation: You are partially covered in thin metallic
                  | scales. (AC +2) [demonic ancestry]
   126 | D:1      | Reached XP level 2. HP: 23/24 MP: 2/2
   624 | D:1      | Gained mutation: You have a pair of small antennae on your
                  | head. [demonic ancestry]
   624 | D:1      | Reached XP level 3. HP: 25/29 MP: 3/3
  1254 | D:3      | Reached XP level 4. HP: 17/35 MP: 4/4
  1261 | D:3      | Slain by a gnoll

Illustrated notes

Levels and vault maps discovered:
D:1:      spicycebolla_green_bress_n_ham, layout_loops_ring, minmay_ruptured
D:2:      layout_basic, minmay_tromino_i2
D:3:      layout_loops_ring, gammafunk_temple_overflow_pools,
          shapermc_ecumenical_altar_starsandcircs, st_stairs_11

Skill      XL: |  1  2  3 |
---------------+----------+-----
Axes           | 2 3 |  3.0
Armour         | 3 |  3.1
Fighting       | |  3.4
Dodging        | |  0.1
Shields        | |  2.8

Action                   |  1- 3 |  4- 6 || total
-------------------------+-------+-------++-------
Melee: War axe           |   120 |     6 ||   126
  Use: Scroll            |     2 |       ||     2
       Potion            |       |     2 ||     2
Armor: Scale mail        |    87 |     3 ||    90
Dodge: Dodged            |    83 |     3 ||    86
Block: Buckler           |    29 |       ||    29
